Blues vs Blackhawks
Created - 26 mars 2014 at 23:12
Goals
|
| Blues |
0 |
0 |
1 |
1 |
| Blackhawks |
4 |
1 |
1 |
6 |
|
Shots
|
| Blues |
11 |
7 |
7 |
25 |
| Blackhawks |
15 |
10 |
7 |
32 |
|
1st period
1. Blackhawks , Loui Eriksson 13 (Scott Gomez, Roberto Luongo) at 5:58
2. Blackhawks , Rene Bourque 26 (Joe Sakic, Stephane Robidas) at 7:40 (PP)
3. Blackhawks , Richard Matvichuk 1 (Steve Bernier, Dominic Moore) at 11:55
4. Blackhawks , Loui Eriksson 14 (Stephane Robidas, George Parros) at 15:18
Penalties :
Travis Zajac (STL) for Hooking (Minor) at 3:53, Bryce Lampman (STL) for Tripping (Minor) at 6:35, Colby Armstrong (Chi) for Tripping (Minor) at 18:52
2nd period
5. Blackhawks , Kris Versteeg 52 (Scott Gomez, Steve McCarthy) at 6:00
Penalties :
Brian Lee (STL) for Roughing (Minor) at 16:38
3rd period
6. Blackhawks , Chris Campoli 3 (Steve Bernier, Colby Armstrong) at 2:38 (PP)
7. Blues , Michael Frolik 18 (Sergei Shirokov) at 18:20
Penalties :
Drew Fata (STL) for Interference (Minor) at 1:02, Rene Bourque (Chi) for Fighting (Major) at 10:23, Matthew Lombardi (STL) for Fighting (Major) at 10:23, Drew Fata (STL) for Holding (Minor) at 11:21, Colby Armstrong (Chi) for Holding (Minor) at 16:16
Goalie Stats
Tim Thomas (STL), 11 saves from 15 shots - (0,733), L, 13-15-3, 15:18 minutes
Tuukka Rask (STL), 15 saves from 17 shots - (0,882), 44:42 minutes
Roberto Luongo (Chi), 24 saves from 25 shots - (0,960), W, 30-22-7, 60:00 minutes
Players Stats for Blues
Player Name G A P +/- PIM S H SB GA TA FO MP PP MP PK MP
------------------------------------------------------------------------------------
Andrew Cogliano 0 0 0 1 0 1 0 0 1 0 0/1 8:07 0:06 0:44
Andy Sutton 0 0 0 1 0 0 0 1 0 0 0/0 12:38 0:00 0:28
Brian Lee 0 0 0 1 2 0 1 0 1 0 0/0 18:08 1:50 1:58
Bryce Lampman 0 0 0 0 2 3 4 3 0 0 0/0 25:17 1:50 4:20
Dan Boyle 0 0 0 -1 0 3 3 2 1 0 0/0 24:53 2:08 3:20
David Perron 0 0 0 -3 0 0 0 1 1 1 1/3 17:48 1:44 1:54
Drew Fata 0 0 0 -4 4 0 0 1 0 0 0/0 15:39 0:00 1:52
Jamie Langenbrunner 0 0 0 -1 0 0 2 1 3 0 0/0 18:42 1:44 1:48
Jarkko Ruutu 0 0 0 0 0 3 0 1 0 0 0/0 13:15 0:00 1:38
Jarome Iginla 0 0 0 -2 0 1 2 0 0 0 1/2 15:22 2:08 0:00
Kristopher Letang 0 0 0 -3 0 0 1 2 0 1 0/0 23:39 2:08 5:18
Matthew Lombardi 0 0 0 0 5 3 0 2 1 0 6/12 14:25 0:00 3:57
Michael Frolik 1 0 1 1 0 5 2 0 2 1 1/1 11:24 0:06 0:00
Nigel Dawes 0 0 0 0 0 0 2 0 0 0 0/1 7:30 0:00 0:00
Nik Antropov 0 0 0 -2 0 2 3 0 2 1 4/7 17:25 2:08 2:03
Paul Kariya 0 0 0 -2 0 1 1 0 0 0 1/1 22:10 2:08 5:12
Sergei Shirokov 0 1 1 1 0 3 0 0 1 1 0/1 7:55 0:06 0:00
Travis Zajac 0 0 0 -2 2 0 1 0 0 0 10/23 16:59 1:44 0:00
Players Stats for Blackhawks
Player Name G A P +/- PIM S H SB GA TA FO MP PP MP PK MP
------------------------------------------------------------------------------------
Brent Burns 0 0 0 0 0 2 3 3 1 0 0/0 25:49 6:28 1:15
Chris Campoli 1 0 1 2 0 2 0 1 1 0 0/0 16:39 4:14 0:00
Christian Ehrhoff 0 0 0 0 0 1 0 2 0 2 0/0 23:28 2:18 1:15
Colby Armstrong 0 1 1 0 4 0 1 0 0 0 3/3 10:39 2:26 0:00
Daniel Carcillo 0 0 0 0 0 0 2 0 0 0 0/0 9:54 0:01 1:46
Dominic Moore 0 1 1 1 0 1 2 0 0 1 0/6 12:57 0:00 2:23
George Parros 0 1 1 1 0 2 0 0 0 1 0/0 13:12 0:00 0:00
Hnat Domenichelli 0 0 0 1 0 0 2 0 0 1 0/0 10:39 0:00 0:31
Joe Sakic 0 1 1 1 0 3 3 0 0 0 10/17 16:23 4:23 0:00
Jordan Staal 0 0 0 0 0 1 0 0 1 0 1/2 9:59 0:15 1:22
Kris Versteeg 1 0 1 1 0 3 2 0 0 1 0/1 21:18 4:23 0:00
Loui Eriksson 2 0 2 1 0 6 5 1 0 1 0/0 18:35 4:14 1:54
Rene Bourque 1 0 1 1 5 4 1 0 0 0 0/0 18:53 3:08 0:00
Richard Matvichuk 1 0 1 1 0 2 0 0 0 1 0/0 15:11 0:01 2:43
Scott Gomez 0 2 2 1 0 0 2 1 1 0 14/23 19:59 2:50 0:00
Stephane Robidas 0 2 2 2 0 1 1 3 1 0 0/0 13:21 2:06 0:00
Steve Bernier 0 2 2 1 0 3 2 0 0 0 0/0 14:53 4:14 0:00
Steve McCarthy 0 1 1 1 0 1 5 3 0 5 0/0 24:10 2:09 2:43
3 Stars
1 - Loui Eriksson (Chi)
2 - Roberto Luongo (Chi)
3 - Stephane Robidas (Chi)
Power Play
Blues - 0 on 2 Attempt(s) - 0,00%
Blackhawks - 2 on 5 Attempt(s) - 40,00%
Penalty Kill
Blues - 3 on 5 Attempt(s) - 60,00%
- Score 0 goal in Penalty Kill
Blackhawks - 2 on 2 Attempt(s) - 100,00%
- Score 0 goal in Penalty Kill
Official
Referees : Lee Chris and Pochmara Brian
Linesman : Pierre Racicot and David Brisebois
Game Notes
Tuukka Rask enters game at 15:18 of 1st period
Stephane Robidas is injured at 12:02 of 2nd period (Torn Left ACL)
Rene Bourque and Matthew Lombardi fight to a draw at 10:23 of 3rd period
Finance
Level 1 -- Attendance: 4222 (70,37%) -- Ticket Income 371 536 $
Level 2 -- Attendance: 4061 (81,22%) -- Ticket Income 215 233 $
Level 3 -- Attendance: 1561 (78,05%) -- Ticket Income 53 074 $
Level 4 -- Attendance: 2600 (65,00%) -- Ticket Income 57 200 $
Luxury Box -- Attendance: 879 (87,90%) -- Ticket Income 145 035 $
Game was played at the Chicago Stadium
Total Attendance: 13323 (74,02%)
Total Ticket Income: 842 078 $
Other Income: 126 312 $
Total Income: 968 390 $
Blues
5 vs 5 Forward
Center Left Wing Right Wing Time % Phy DF OF
1 Travis Zajac Paul Kariya Jamie Langenbrunner 40 1 2 2
2 Nik Antropov David Perron Jarome Iginla 30 1 2 2
3 Matthew Lombardi Jarkko Ruutu Michael Frolik 20 1 2 2
4 Andrew Cogliano Nigel Dawes Sergei Shirokov 10 1 2 2
5 vs 5 Defense
Defense Defense Time % Phy DF OF
1 Dan Boyle Bryce Lampman 40 1 2 2
2 Drew Fata Kristopher Letang 30 1 2 2
3 Andy Sutton Brian Lee 20 1 2 2
4 Brian Lee Kristopher Letang 10 1 2 2
PowerPlay Forward
Center Left Wing Right Wing Time % Phy DF OF
1 Nik Antropov Paul Kariya Jarome Iginla 60 1 2 2
2 Travis Zajac David Perron Jamie Langenbrunner 40 1 2 2
PowerPlay Defense
Defense Defense Time % Phy DF OF
1 Dan Boyle Kristopher Letang 60 1 2 2
2 Brian Lee Bryce Lampman 40 1 2 2
Penalty Kill 4 Players Forward
Center Wing Time % Phy DF OF
1 Matthew Lombardi Paul Kariya 60 1 2 2
2 Nik Antropov Jamie Langenbrunner 40 1 2 2
Penalty Kill 4 Players Defense
Defense Defense Time % Phy DF OF
1 Bryce Lampman Kristopher Letang 60 1 2 2
2 Drew Fata Dan Boyle 40 1 2 2
Penalty Kill - 3 Players Forward
Forward Time % Phy DF OF
1 Nik Antropov 60 1 2 2
2 Matthew Lombardi 40 1 2 2
Penalty Kill - 3 Players Defense
Defense Defense Time % Phy DF OF
1 Andy Sutton Bryce Lampman 60 1 2 2
2 Dan Boyle Drew Fata 40 1 2 2
4 vs 4 Forward
Center Wing Time % Phy DF OF
1 Travis Zajac Paul Kariya 60 1 2 2
2 Nik Antropov Jamie Langenbrunner 40 1 2 2
4 vs 4 Defense
Defense Defense Time % Phy DF OF
1 Dan Boyle Brian Lee 60 1 2 2
2 Kristopher Letang Andy Sutton 40 1 2 2
Last Minutes Offensive
Center Left Wing Right Wing Defense Defense
Travis Zajac Paul Kariya Jarome Iginla Dan Boyle Kristopher Letang
Last Minutes Defensive
Center Left Wing Right Wing Defense Defense
Nik Antropov Paul Kariya Jamie Langenbrunner Bryce Lampman Drew Fata
Goaltenders
Starting : Tim Thomas
Backup : Tuukka Rask
Extra Forwards
Normal : Sergei Shirokov, Michael Frolik, Nigel Dawes - PP : Michael Frolik, Sergei Shirokov - PK : David Perron
Extra Defensemen
Normal : Brian Lee, Andy Sutton, Kristopher Letang - PP : Andy Sutton - PK : Brian Lee, Dan Boyle
Penalty Shots
David Perron, Nik Antropov, Jarome Iginla, Michael Frolik, Paul Kariya
Blackhawks
5 vs 5 Forward
Center Left Wing Right Wing Time % Phy DF OF
1 Scott Gomez Kris Versteeg Rene Bourque 40 1 2 2
2 Joe Sakic Loui Eriksson George Parros 30 1 2 2
3 Dominic Moore Hnat Domenichelli Steve Bernier 20 1 2 2
4 Jordan Staal Daniel Carcillo Colby Armstrong 10 1 2 2
5 vs 5 Defense
Defense Defense Time % Phy DF OF
1 Stephane Robidas Steve McCarthy 35 1 2 2
2 Brent Burns Christian Ehrhoff 35 1 2 2
3 Richard Matvichuk Chris Campoli 20 1 2 2
4 Stephane Robidas Steve McCarthy 10 1 2 2
PowerPlay Forward
Center Left Wing Right Wing Time % Phy DF OF
1 Joe Sakic Kris Versteeg Rene Bourque 60 1 2 2
2 Scott Gomez Loui Eriksson Steve Bernier 40 1 2 2
PowerPlay Defense
Defense Defense Time % Phy DF OF
1 Brent Burns Stephane Robidas 60 1 2 2
2 Christian Ehrhoff Steve McCarthy 40 1 2 2
Penalty Kill 4 Players Forward
Center Wing Time % Phy DF OF
1 Dominic Moore Colby Armstrong 60 1 2 2
2 Jordan Staal Kris Versteeg 40 1 2 2
Penalty Kill 4 Players Defense
Defense Defense Time % Phy DF OF
1 Richard Matvichuk Steve McCarthy 60 1 2 2
2 Christian Ehrhoff Brent Burns 40 1 2 2
Penalty Kill - 3 Players Forward
Forward Time % Phy DF OF
1 Dominic Moore 60 1 2 2
2 Jordan Staal 40 1 2 2
Penalty Kill - 3 Players Defense
Defense Defense Time % Phy DF OF
1 Brent Burns Stephane Robidas 60 1 2 2
2 Chris Campoli Christian Ehrhoff 40 1 2 2
4 vs 4 Forward
Center Wing Time % Phy DF OF
1 Joe Sakic Kris Versteeg 60 1 2 2
2 Scott Gomez Loui Eriksson 40 1 2 2
4 vs 4 Defense
Defense Defense Time % Phy DF OF
1 Brent Burns Stephane Robidas 60 1 2 2
2 Chris Campoli Steve McCarthy 40 1 2 2
Last Minutes Offensive
Center Left Wing Right Wing Defense Defense
Joe Sakic Kris Versteeg Rene Bourque Brent Burns Stephane Robidas
Last Minutes Defensive
Center Left Wing Right Wing Defense Defense
Joe Sakic Kris Versteeg Colby Armstrong Steve McCarthy Brent Burns
Goaltenders
Starting : Roberto Luongo
Backup : Jocelyn Thibault
Extra Forwards
Normal : Steve Bernier, George Parros, Loui Eriksson - PP : Colby Armstrong, Jordan Staal - PK : Loui Eriksson
Extra Defensemen
Normal : Christian Ehrhoff, Steve McCarthy, Chris Campoli - PP : Brent Burns - PK : Steve McCarthy, Chris Campoli
Penalty Shots
Joe Sakic, Kris Versteeg, Loui Eriksson, Scott Gomez, Rene Bourque
% Time on Ice - Blues
Lines # - Real PCT - Wanted PCT - Time Play
Normal Forward
1 - 33% - 40% - 15:29
2 - 29% - 30% - 13:40
3 - 23% - 20% - 11:03
4 - 15% - 10% - 7:12
Normal Defense
1 - 41% - 40% - 19:17
2 - 31% - 30% - 14:52
3 - 22% - 20% - 10:17
4 - 6% - 10% - 2:58
PP Forward
1 - 56% - 60% - 2:14
2 - 44% - 40% - 1:44
PP Defense
1 - 54% - 60% - 2:08
2 - 46% - 40% - 1:50
PK Forward
1 - 79% - 60% - 6:50
2 - 21% - 40% - 1:48
PK Defense
1 - 63% - 60% - 5:24
2 - 37% - 40% - 3:14
PK3 Forward
1 - 0% - 60%
2 - 0% - 40%
PK3 Defense
1 - 0% - 60%
2 - 0% - 40%
44 Forward
1 - 0% - 60%
2 - 0% - 40%
44 Defense
1 - 0% - 60%
2 - 0% - 40%
Last Minute Offensive - 0:00
Last Minute Defensive - 0:00
Total
Forward - 60:00
Defense - 60:00
|
% Time on Ice - Blackhawks
Lines # - Real PCT - Wanted PCT - Time Play
Normal Forward
1 - 36% - 40% - 17:18
2 - 26% - 30% - 12:14
3 - 21% - 20% - 10:08
4 - 16% - 10% - 7:44
Normal Defense
1 - 39% - 35% - 18:33
2 - 32% - 35% - 14:59
3 - 21% - 20% - 10:02
4 - 8% - 10% - 3:50
PP Forward
1 - 51% - 60% - 4:24
2 - 49% - 40% - 4:14
PP Defense
1 - 75% - 60% - 6:29
2 - 25% - 40% - 2:09
PK Forward
1 - 100% - 60% - 3:58
2 - 0% - 40% - 0:00
PK Defense
1 - 68% - 60% - 2:43
2 - 32% - 40% - 1:15
PK3 Forward
1 - 0% - 60%
2 - 0% - 40%
PK3 Defense
1 - 0% - 60%
2 - 0% - 40%
44 Forward
1 - 0% - 60%
2 - 0% - 40%
44 Defense
1 - 0% - 60%
2 - 0% - 40%
Last Minute Offensive - 0:00
Last Minute Defensive - 0:00
Total
Forward - 60:00
Defense - 60:00
|
Play by Play
1st period
0:01 of 1st period - Scott Gomez wins face-off versus Travis Zajac in neutral zone.
0:09 of 1st period - Icing by Bryce Lampman.
0:10 of 1st period - Scott Gomez wins face-off versus Travis Zajac in Blues zone.
0:13 of 1st period - Wrist shot by Scott Gomez.
0:13 of 1st period - Deflect By Kris Versteeg.
0:13 of 1st period - Shot Blocked by Bryce Lampman.
0:13 of 1st period - Puck is out of play.
0:14 of 1st period - Jarome Iginla wins face-off versus Joe Sakic in Blues zone.
0:14 of 1st period - Jarome Iginla is hit by Joe Sakic.
0:28 of 1st period - Slapshot by Loui Eriksson.
0:28 of 1st period - Stopped by Tim Thomas with a rebound.
0:30 of 1st period - Slapshot by George Parros.
0:30 of 1st period - Stopped by Tim Thomas with a rebound.
0:40 of 1st period - Michael Frolik is hit by Steve Bernier and loses puck.
2:24 of 1st period - Wrist shot by Jamie Langenbrunner.
2:24 of 1st period - Shot Misses the Net.
2:26 of 1st period - Wrist shot by Paul Kariya.
2:26 of 1st period - Shot Blocked by Christian Ehrhoff.
2:28 of 1st period - Snap shot by Brian Lee.
2:28 of 1st period - Shot Misses the Net.
2:32 of 1st period - Snap shot by Travis Zajac.
2:32 of 1st period - Shot Misses the Net.
3:21 of 1st period - Kristopher Letang is hit by Steve McCarthy and loses puck.
3:48 of 1st period - Snap shot by Scott Gomez.
3:48 of 1st period - Shot Misses the Net.
3:50 of 1st period - Snap shot by Rene Bourque.
3:50 of 1st period - Deflect By Kris Versteeg.
3:50 of 1st period - Shot Blocked by Kristopher Letang.
3:50 of 1st period - Puck is out of play.
3:51 of 1st period - Travis Zajac wins face-off versus Joe Sakic in Blues zone.
3:53 of 1st period - Minor Penalty to Travis Zajac for Hooking.
3:54 of 1st period - Joe Sakic wins face-off versus Matthew Lombardi in Blues zone.
4:10 of 1st period - Bryce Lampman is hit by Stephane Robidas and loses puck.
5:53 of 1st period - Penalty to Travis Zajac is over, Travis Zajac is back on ice.
5:58 of 1st period - Snap shot by Loui Eriksson.
5:58 of 1st period - Goal by Loui Eriksson - Blues : 0 - Blackhawks : 1.
5:59 of 1st period - Nik Antropov wins face-off versus Jordan Staal in neutral zone.
6:13 of 1st period - Icing by Stephane Robidas.
6:14 of 1st period - Jordan Staal wins face-off versus Travis Zajac in Blackhawks zone.
6:23 of 1st period - Slapshot by Stephane Robidas.
6:23 of 1st period - Shot Blocked by Jamie Langenbrunner.
6:26 of 1st period - Icing by Bryce Lampman.
6:27 of 1st period - Scott Gomez wins face-off versus Travis Zajac in Blues zone.
6:35 of 1st period - Minor Penalty to Bryce Lampman for Tripping.
6:36 of 1st period - Matthew Lombardi wins face-off versus Joe Sakic in Blues zone.
7:38 of 1st period - Snap shot by Joe Sakic.
7:38 of 1st period - Stopped by Tim Thomas with a rebound.
7:40 of 1st period - Snap shot by Rene Bourque.
7:40 of 1st period - Goal by Rene Bourque - Blues : 0 - Blackhawks : 2.
7:41 of 1st period - Travis Zajac wins face-off versus Dominic Moore in neutral zone.
8:11 of 1st period - Christian Ehrhoff is hit by Nik Antropov and loses puck.
8:36 of 1st period - Brent Burns is hit by Bryce Lampman.
8:50 of 1st period - Wrist shot by Joe Sakic.
8:50 of 1st period - Stopped by Tim Thomas with a rebound.
8:52 of 1st period - Slapshot by Christian Ehrhoff.
8:52 of 1st period - Stopped by Tim Thomas without a rebound.
8:53 of 1st period - Scott Gomez wins face-off versus Sergei Shirokov in Blues zone.
8:54 of 1st period - Slapshot by Kris Versteeg.
8:54 of 1st period - Stopped by Tim Thomas with a rebound.
8:56 of 1st period - Slapshot by Steve McCarthy.
8:56 of 1st period - Stopped by Tim Thomas with a rebound.
8:58 of 1st period - Slapshot by Stephane Robidas.
8:58 of 1st period - Shot Blocked by Kristopher Letang.
9:00 of 1st period - Snap shot by Rene Bourque.
9:00 of 1st period - Deflect By Drew Fata.
9:00 of 1st period - Stopped by Tim Thomas with a rebound.
9:26 of 1st period - Wrist shot by Travis Zajac.
9:26 of 1st period - Shot Blocked by Steve McCarthy.
10:37 of 1st period - Wrist shot by Paul Kariya.
10:37 of 1st period - Deflect By Brent Burns.
10:37 of 1st period - Stopped by Roberto Luongo without a rebound.
10:38 of 1st period - Matthew Lombardi wins face-off versus Scott Gomez in Blackhawks zone.
10:41 of 1st period - Snap shot by Matthew Lombardi.
10:41 of 1st period - Shot Misses the Net.
10:43 of 1st period - Slapshot by Dan Boyle.
10:43 of 1st period - Shot Blocked by Brent Burns.
10:45 of 1st period - Snap shot by Matthew Lombardi.
10:45 of 1st period - Stopped by Roberto Luongo with a rebound.
10:47 of 1st period - Slapshot by Dan Boyle.
10:47 of 1st period - Shot Blocked by Brent Burns.
10:51 of 1st period - Snap shot by Michael Frolik.
10:51 of 1st period - Shot Misses the Net.
10:53 of 1st period - Snap shot by Jarkko Ruutu.
10:53 of 1st period - Stopped by Roberto Luongo with a rebound.
11:53 of 1st period - Slapshot by Dominic Moore.
11:53 of 1st period - Deflect By Steve Bernier.
11:53 of 1st period - Stopped by Tim Thomas with a rebound.
11:55 of 1st period - Slapshot by Richard Matvichuk.
11:55 of 1st period - Goal by Richard Matvichuk - Blues : 0 - Blackhawks : 3.
11:56 of 1st period - Scott Gomez wins face-off versus Travis Zajac in neutral zone.
12:13 of 1st period - Wrist shot by Scott Gomez.
12:13 of 1st period - Shot Blocked by Dan Boyle.
12:23 of 1st period - David Perron is hit by Loui Eriksson and loses puck.
12:30 of 1st period - Snap shot by Nik Antropov.
12:30 of 1st period - Stopped by Roberto Luongo with a rebound.
13:11 of 1st period - Snap shot by Sergei Shirokov.
13:11 of 1st period - Shot Blocked by Brent Burns.
13:13 of 1st period - Wrist shot by Sergei Shirokov.
13:13 of 1st period - Stopped by Roberto Luongo without a rebound.
13:14 of 1st period - Joe Sakic wins face-off versus Andrew Cogliano in Blackhawks zone.
13:39 of 1st period - Wrist shot by Sergei Shirokov.
13:39 of 1st period - Shot Misses the Net.
13:41 of 1st period - Slapshot by Bryce Lampman.
13:41 of 1st period - Deflect By Kris Versteeg.
13:41 of 1st period - Stopped by Roberto Luongo with a rebound.
13:43 of 1st period - Snap shot by Dan Boyle.
13:43 of 1st period - Stopped by Roberto Luongo with a rebound.
13:45 of 1st period - Slapshot by Bryce Lampman.
13:45 of 1st period - Stopped by Roberto Luongo with a rebound.
13:47 of 1st period - Wrist shot by Sergei Shirokov.
13:47 of 1st period - Stopped by Roberto Luongo without a rebound.
13:48 of 1st period - Travis Zajac wins face-off versus Joe Sakic in Blackhawks zone.
14:42 of 1st period - Snap shot by Brent Burns.
14:42 of 1st period - Stopped by Tim Thomas without a rebound.
14:43 of 1st period - Travis Zajac wins face-off versus Scott Gomez in Blues zone.
15:14 of 1st period - Snap shot by George Parros.
15:14 of 1st period - Shot Misses the Net.
15:16 of 1st period - Slapshot by Stephane Robidas.
15:16 of 1st period - Deflect By Jarome Iginla.
15:16 of 1st period - Stopped by Tim Thomas with a rebound.
15:18 of 1st period - Snap shot by Loui Eriksson.
15:18 of 1st period - Goal by Loui Eriksson - Blues : 0 - Blackhawks : 4.
15:18 of 1st period - Tuukka Rask enters game.
15:19 of 1st period - Travis Zajac wins face-off versus Scott Gomez in neutral zone.
15:46 of 1st period - Joe Sakic is hit by Jarome Iginla.
16:48 of 1st period - Slapshot by Dan Boyle.
16:48 of 1st period - Shot Misses the Net.
17:08 of 1st period - Slapshot by Nik Antropov.
17:08 of 1st period - Shot Misses the Net.
17:10 of 1st period - Wrist shot by Nik Antropov.
17:10 of 1st period - Stopped by Roberto Luongo with a rebound.
17:12 of 1st period - Slapshot by Bryce Lampman.
17:12 of 1st period - Shot Blocked by Steve McCarthy.
17:28 of 1st period - Slapshot by Matthew Lombardi.
17:28 of 1st period - Stopped by Roberto Luongo without a rebound.
17:29 of 1st period - Matthew Lombardi wins face-off versus Scott Gomez in Blackhawks zone.
18:52 of 1st period - Minor Penalty to Colby Armstrong for Tripping.
18:53 of 1st period - Nik Antropov wins face-off versus Dominic Moore in Blackhawks zone.
19:52 of 1st period - Loui Eriksson is hit by Bryce Lampman.
Goals for this period are 0 for Blues vs 4 for Blackhawks.
Shots for this period are 11 for Blues vs 15 for Blackhawks.
2nd period
0:01 of 2nd period - Nik Antropov wins face-off versus Dominic Moore in neutral zone.
0:52 of 2nd period - Penalty to Colby Armstrong is over, Colby Armstrong is back on ice.
1:41 of 2nd period - Slapshot by Bryce Lampman.
1:41 of 2nd period - Deflect By Andrew Cogliano.
1:41 of 2nd period - Stopped by Roberto Luongo with a rebound.
1:43 of 2nd period - Slapshot by Brian Lee.
1:43 of 2nd period - Shot Blocked by Stephane Robidas.
1:45 of 2nd period - Wrist shot by Nigel Dawes.
1:45 of 2nd period - Shot Blocked by Stephane Robidas.
2:50 of 2nd period - Dominic Moore is hit by Dan Boyle and loses puck.
3:01 of 2nd period - Colby Armstrong is hit by Nik Antropov.
3:13 of 2nd period - Nik Antropov is hit by Daniel Carcillo and loses puck.
4:03 of 2nd period - Matthew Lombardi is hit by Dominic Moore.
4:09 of 2nd period - Wrist shot by Dominic Moore.
4:09 of 2nd period - Stopped by Tuukka Rask without a rebound.
4:10 of 2nd period - Scott Gomez wins face-off versus Travis Zajac in Blues zone.
5:41 of 2nd period - Travis Zajac is hit by Steve McCarthy and loses puck.
5:54 of 2nd period - Wrist shot by Rene Bourque.
5:54 of 2nd period - Stopped by Tuukka Rask with a rebound.
6:00 of 2nd period - Wrist shot by Kris Versteeg.
6:00 of 2nd period - Goal by Kris Versteeg - Blues : 0 - Blackhawks : 5.
6:01 of 2nd period - Joe Sakic wins face-off versus Nik Antropov in neutral zone.
6:04 of 2nd period - Slapshot by Brent Burns.
6:04 of 2nd period - Stopped by Tuukka Rask with a rebound.
6:26 of 2nd period - Jarkko Ruutu is hit by Hnat Domenichelli and loses puck.
6:53 of 2nd period - Colby Armstrong is hit by Nigel Dawes.
6:57 of 2nd period - Andrew Cogliano is hit by Steve McCarthy.
7:13 of 2nd period - Wrist shot by Steve McCarthy.
7:13 of 2nd period - Shot Blocked by Drew Fata.
7:27 of 2nd period - Slapshot by Michael Frolik.
7:27 of 2nd period - Stopped by Roberto Luongo without a rebound.
7:28 of 2nd period - Joe Sakic wins face-off versus Matthew Lombardi in Blackhawks zone.
7:37 of 2nd period - Snap shot by Loui Eriksson.
7:37 of 2nd period - Stopped by Tuukka Rask with a rebound.
7:39 of 2nd period - Snap shot by Richard Matvichuk.
7:39 of 2nd period - Stopped by Tuukka Rask without a rebound.
7:40 of 2nd period - Joe Sakic wins face-off versus Jarome Iginla in Blues zone.
7:48 of 2nd period - Snap shot by George Parros.
7:48 of 2nd period - Deflect By Nik Antropov.
7:48 of 2nd period - Stopped by Tuukka Rask with a rebound.
7:50 of 2nd period - Snap shot by Joe Sakic.
7:50 of 2nd period - Deflect By Loui Eriksson.
7:50 of 2nd period - Shot Misses the Net.
7:50 of 2nd period - Puck is out of play.
7:51 of 2nd period - Scott Gomez wins face-off versus Travis Zajac in Blues zone.
8:40 of 2nd period - Snap shot by Jarkko Ruutu.
8:40 of 2nd period - Stopped by Roberto Luongo without a rebound.
8:41 of 2nd period - Scott Gomez wins face-off versus Matthew Lombardi in Blackhawks zone.
8:53 of 2nd period - Snap shot by Matthew Lombardi.
8:53 of 2nd period - Shot Blocked by Scott Gomez.
8:55 of 2nd period - Backhand shot by Michael Frolik.
8:55 of 2nd period - Stopped by Roberto Luongo without a rebound.
8:56 of 2nd period - Travis Zajac wins face-off versus Joe Sakic in Blackhawks zone.
9:11 of 2nd period - Slapshot by Loui Eriksson.
9:11 of 2nd period - Shot Blocked by Bryce Lampman.
9:23 of 2nd period - Scott Gomez is hit by Jarome Iginla.
9:55 of 2nd period - Slapshot by Sergei Shirokov.
9:55 of 2nd period - Stopped by Roberto Luongo without a rebound.
9:56 of 2nd period - Joe Sakic wins face-off versus Travis Zajac in Blackhawks zone.
10:03 of 2nd period - Loui Eriksson is hit by Jamie Langenbrunner and loses puck.
10:12 of 2nd period - Wrist shot by Joe Sakic.
10:12 of 2nd period - Stopped by Tuukka Rask with a rebound.
10:26 of 2nd period - Dominic Moore is hit by Dan Boyle and loses puck.
11:13 of 2nd period - Slapshot by Chris Campoli.
11:13 of 2nd period - Shot Blocked by Matthew Lombardi.
11:15 of 2nd period - Wrist shot by Rene Bourque.
11:15 of 2nd period - Shot Blocked by Andy Sutton.
11:17 of 2nd period - Snap shot by Richard Matvichuk.
11:17 of 2nd period - Deflect By Rene Bourque.
11:17 of 2nd period - Stopped by Tuukka Rask with a rebound.
11:19 of 2nd period - Slapshot by Richard Matvichuk.
11:19 of 2nd period - Shot Blocked by Matthew Lombardi.
11:31 of 2nd period - Jarkko Ruutu is hit by Joe Sakic and loses puck.
12:02 of 2nd period - Snap shot by Travis Zajac.
12:02 of 2nd period - Shot Blocked by Stephane Robidas.
12:02 of 2nd period - Stephane Robidas from Blackhawks is injured at 12:02 of 2nd period (Torn Left ACL).
12:03 of 2nd period - Travis Zajac wins face-off versus Scott Gomez in Blackhawks zone.
13:37 of 2nd period - Slapshot by Jamie Langenbrunner.
13:37 of 2nd period - Shot Misses the Net.
13:39 of 2nd period - Snap shot by Jamie Langenbrunner.
13:39 of 2nd period - Shot Misses the Net.
13:53 of 2nd period - Wrist shot by Jordan Staal.
13:53 of 2nd period - Shot Misses the Net.
13:55 of 2nd period - Backhand shot by Loui Eriksson.
13:55 of 2nd period - Shot Misses the Net.
14:05 of 2nd period - Wrist shot by George Parros.
14:05 of 2nd period - Shot Blocked by David Perron.
14:56 of 2nd period - Brent Burns is hit by Nik Antropov and loses puck.
15:11 of 2nd period - Kris Versteeg is hit by Michael Frolik and loses puck.
15:22 of 2nd period - Brent Burns is hit by Bryce Lampman and loses puck.
15:40 of 2nd period - Bryce Lampman is hit by Joe Sakic and loses puck.
15:59 of 2nd period - Snap shot by David Perron.
15:59 of 2nd period - Shot Misses the Net.
16:01 of 2nd period - Slapshot by Nik Antropov.
16:01 of 2nd period - Shot Blocked by Steve McCarthy.
16:03 of 2nd period - Slapshot by Bryce Lampman.
16:03 of 2nd period - Stopped by Roberto Luongo with a rebound.
16:05 of 2nd period - Slapshot by Bryce Lampman.
16:05 of 2nd period - Deflect By Jarome Iginla.
16:05 of 2nd period - Stopped by Roberto Luongo without a rebound.
16:06 of 2nd period - Scott Gomez wins face-off versus Travis Zajac in Blackhawks zone.
16:06 of 2nd period - Scott Gomez is hit by Kristopher Letang.
16:12 of 2nd period - Drew Fata is hit by Steve McCarthy and loses puck.
16:33 of 2nd period - Slapshot by David Perron.
16:33 of 2nd period - Shot Misses the Net.
16:38 of 2nd period - Minor Penalty to Brian Lee for Roughing.
16:39 of 2nd period - Matthew Lombardi wins face-off versus Kris Versteeg in Blues zone.
17:15 of 2nd period - Paul Kariya is hit by Brent Burns and loses puck.
18:35 of 2nd period - Brent Burns is hit by Dan Boyle and loses puck.
18:38 of 2nd period - Penalty to Brian Lee is over, Brian Lee is back on ice.
18:46 of 2nd period - David Perron is hit by Loui Eriksson.
19:03 of 2nd period - Slapshot by Colby Armstrong.
19:03 of 2nd period - Shot Blocked by Jarkko Ruutu.
19:05 of 2nd period - Slapshot by Jordan Staal.
19:05 of 2nd period - Stopped by Tuukka Rask with a rebound.
19:15 of 2nd period - Hnat Domenichelli is hit by Jamie Langenbrunner.
19:30 of 2nd period - Andy Sutton is hit by Brent Burns and loses puck.
Goals for this period are 0 for Blues vs 1 for Blackhawks.
Shots for this period are 7 for Blues vs 10 for Blackhawks.
3rd period
0:01 of 3rd period - Scott Gomez wins face-off versus Travis Zajac in neutral zone.
0:26 of 3rd period - Wrist shot by Michael Frolik.
0:26 of 3rd period - Stopped by Roberto Luongo with a rebound.
0:28 of 3rd period - Slapshot by Jarkko Ruutu.
0:28 of 3rd period - Stopped by Roberto Luongo with a rebound.
0:30 of 3rd period - Slapshot by Kristopher Letang.
0:30 of 3rd period - Shot Misses the Net.
1:02 of 3rd period - Minor Penalty to Drew Fata for Interference.
1:03 of 3rd period - Matthew Lombardi wins face-off versus Scott Gomez in Blues zone.
1:03 of 3rd period - Matthew Lombardi is hit by Scott Gomez.
1:20 of 3rd period - Slapshot by Chris Campoli.
1:20 of 3rd period - Deflect By Matthew Lombardi.
1:20 of 3rd period - Stopped by Tuukka Rask without a rebound.
1:21 of 3rd period - Colby Armstrong wins face-off versus Matthew Lombardi in Blues zone.
1:29 of 3rd period - Icing by Loui Eriksson.
1:30 of 3rd period - Colby Armstrong wins face-off versus Matthew Lombardi in Blackhawks zone.
2:07 of 3rd period - Nik Antropov is hit by Steve Bernier and loses puck.
2:32 of 3rd period - Backhand shot by Loui Eriksson.
2:32 of 3rd period - Stopped by Tuukka Rask with a rebound.
2:34 of 3rd period - Wrist shot by Colby Armstrong.
2:34 of 3rd period - Shot Blocked by Dan Boyle.
2:36 of 3rd period - Snap shot by Steve Bernier.
2:36 of 3rd period - Shot Misses the Net.
2:38 of 3rd period - Slapshot by Chris Campoli.
2:38 of 3rd period - Goal by Chris Campoli - Blues : 0 - Blackhawks : 6.
2:39 of 3rd period - Nik Antropov wins face-off versus Scott Gomez in neutral zone.
2:42 of 3rd period - Slapshot by Dan Boyle.
2:42 of 3rd period - Stopped by Roberto Luongo without a rebound.
2:43 of 3rd period - Scott Gomez wins face-off versus Nik Antropov in Blackhawks zone.
2:48 of 3rd period - Nik Antropov is hit by Kris Versteeg and loses puck.
3:08 of 3rd period - Off-side.
3:09 of 3rd period - Joe Sakic wins face-off versus Travis Zajac in neutral zone.
3:20 of 3rd period - Wrist shot by Joe Sakic.
3:20 of 3rd period - Shot Misses the Net.
3:22 of 3rd period - Slapshot by Joe Sakic.
3:22 of 3rd period - Shot Misses the Net.
4:13 of 3rd period - Slapshot by Dan Boyle.
4:13 of 3rd period - Stopped by Roberto Luongo with a rebound.
4:52 of 3rd period - Snap shot by Andrew Cogliano.
4:52 of 3rd period - Shot Misses the Net.
5:33 of 3rd period - Matthew Lombardi is hit by Rene Bourque and loses puck.
5:57 of 3rd period - Off-side.
5:58 of 3rd period - Joe Sakic wins face-off versus Nik Antropov in neutral zone.
6:03 of 3rd period - David Perron is hit by Loui Eriksson and loses puck.
6:14 of 3rd period - Snap shot by Jarome Iginla.
6:14 of 3rd period - Shot Misses the Net.
6:24 of 3rd period - Travis Zajac is hit by Brent Burns and loses puck.
6:43 of 3rd period - Jarkko Ruutu is hit by Daniel Carcillo and loses puck.
7:34 of 3rd period - Snap shot by Loui Eriksson.
7:34 of 3rd period - Stopped by Tuukka Rask without a rebound.
7:35 of 3rd period - Travis Zajac wins face-off versus Dominic Moore in Blues zone.
7:50 of 3rd period - Wrist shot by Paul Kariya.
7:50 of 3rd period - Shot Blocked by Chris Campoli.
8:12 of 3rd period - David Perron is hit by Kris Versteeg.
8:26 of 3rd period - Michael Frolik is hit by Loui Eriksson and loses puck.
8:43 of 3rd period - Paul Kariya is hit by Colby Armstrong and loses puck.
9:02 of 3rd period - Icing by Steve McCarthy.
9:03 of 3rd period - Colby Armstrong wins face-off versus Nigel Dawes in Blackhawks zone.
9:15 of 3rd period - Brian Lee is hit by Scott Gomez and loses puck.
9:51 of 3rd period - David Perron is hit by Dominic Moore and loses puck.
10:20 of 3rd period - Backhand shot by Michael Frolik.
10:20 of 3rd period - Stopped by Roberto Luongo without a rebound.
10:21 of 3rd period - Matthew Lombardi wins face-off versus Scott Gomez in Blackhawks zone.
10:23 of 3rd period - Rene Bourque and Matthew Lombardi fight to a draw.
10:23 of 3rd period - Penalty to Rene Bourque for Fighting.
10:23 of 3rd period - Penalty to Matthew Lombardi for Fighting.
10:24 of 3rd period - Paul Kariya wins face-off versus Scott Gomez in neutral zone.
10:26 of 3rd period - Off-side.
10:27 of 3rd period - Scott Gomez wins face-off versus Travis Zajac in neutral zone.
10:36 of 3rd period - Slapshot by Kris Versteeg.
10:36 of 3rd period - Stopped by Tuukka Rask with a rebound.
10:38 of 3rd period - Wrist shot by Steve Bernier.
10:38 of 3rd period - Stopped by Tuukka Rask without a rebound.
10:39 of 3rd period - Scott Gomez wins face-off versus Travis Zajac in Blues zone.
10:48 of 3rd period - Snap shot by Kris Versteeg.
10:48 of 3rd period - Shot Blocked by Bryce Lampman.
11:04 of 3rd period - Nik Antropov is hit by Loui Eriksson and loses puck.
11:21 of 3rd period - Minor Penalty to Drew Fata for Holding.
11:22 of 3rd period - Joe Sakic wins face-off versus David Perron in Blues zone.
11:29 of 3rd period - Wrist shot by Colby Armstrong.
11:29 of 3rd period - Deflect By David Perron.
11:29 of 3rd period - Shot Misses the Net.
11:29 of 3rd period - Puck is out of play.
11:30 of 3rd period - David Perron wins face-off versus Joe Sakic in Blues zone.
11:37 of 3rd period - Wrist shot by Kris Versteeg.
11:37 of 3rd period - Deflect By Kristopher Letang.
11:37 of 3rd period - Shot Misses the Net.
11:37 of 3rd period - Puck is out of play.
11:38 of 3rd period - Joe Sakic wins face-off versus David Perron in Blues zone.
13:21 of 3rd period - Penalty to Drew Fata is over, Drew Fata is back on ice.
13:32 of 3rd period - Daniel Carcillo is hit by Nigel Dawes and loses puck.
13:47 of 3rd period - Hnat Domenichelli is hit by Brian Lee and loses puck.
14:00 of 3rd period - Kris Versteeg is hit by Paul Kariya and loses puck.
14:44 of 3rd period - Brent Burns is hit by Bryce Lampman and loses puck.
15:08 of 3rd period - Michael Frolik is hit by Hnat Domenichelli.
15:48 of 3rd period - Dominic Moore is hit by Travis Zajac and loses puck.
16:16 of 3rd period - Minor Penalty to Colby Armstrong for Holding.
16:17 of 3rd period - Travis Zajac wins face-off versus Dominic Moore in Blackhawks zone.
16:40 of 3rd period - Nik Antropov is hit by Steve McCarthy and loses puck.
16:49 of 3rd period - Snap shot by Paul Kariya.
16:49 of 3rd period - Shot Misses the Net.
18:13 of 3rd period - Daniel Carcillo is hit by Michael Frolik and loses puck.
18:16 of 3rd period - Penalty to Colby Armstrong is over, Colby Armstrong is back on ice.
18:20 of 3rd period - Wrist shot by Michael Frolik.
18:20 of 3rd period - Goal by Michael Frolik - Blues : 1 - Blackhawks : 6.
18:21 of 3rd period - Scott Gomez wins face-off versus Matthew Lombardi in neutral zone.
18:51 of 3rd period - Wrist shot by David Perron.
18:51 of 3rd period - Shot Blocked by Christian Ehrhoff.
19:37 of 3rd period - Snap shot by Hnat Domenichelli.
19:37 of 3rd period - Deflect By Steve Bernier.
19:37 of 3rd period - Stopped by Tuukka Rask without a rebound.
19:38 of 3rd period - Michael Frolik wins face-off versus Dominic Moore in Blues zone.
19:45 of 3rd period - Snap shot by Matthew Lombardi.
19:45 of 3rd period - Stopped by Roberto Luongo with a rebound.
19:47 of 3rd period - Wrist shot by Michael Frolik.
19:47 of 3rd period - Shot Misses the Net.
19:49 of 3rd period - Snap shot by Michael Frolik.
19:49 of 3rd period - Shot Misses the Net.
19:51 of 3rd period - Slapshot by Drew Fata.
19:51 of 3rd period - Deflect By Matthew Lombardi.
19:51 of 3rd period - Shot Misses the Net.
19:51 of 3rd period - Puck is out of play.
19:52 of 3rd period - Travis Zajac wins face-off versus Joe Sakic in Blackhawks zone.
19:55 of 3rd period - Snap shot by Jamie Langenbrunner.
19:55 of 3rd period - Shot Blocked by Loui Eriksson.
Goals for this period are 1 for Blues vs 1 for Blackhawks.
Shots for this period are 7 for Blues vs 7 for Blackhawks.
Output by the SimonT Hockey Simulator (STHS) for François Prévost -- Original Page W3C XHTML 1.0 Valid